 Dungeon Crawl Stone Soup version 0.14-a0-3345-g9255d23 (webtiles) character file.

315 Kae the Ruinous (level 5, -2/28 HPs)
             Began as a Tengu Fire Elementalist on Mar 17, 2014.
             Slain by an orc
             ... wielding a +0,+0 club
              (5 damage)
             ... on Level 3 of the Dungeon.
             The game lasted 00:04:05 (3540 turns).

Kae the Ruinous (Tengu Fire Elementalist)           Turns: 3540, Time: 00:04:05

HP  -2/28        AC  2     Str  8      XL: 5   Next: 85%
MP   0/11        EV 12     Int 16      God:
Gold 108         SH  0     Dex 15      Spells:  1 memorised,  8 levels left

rFire  . . .     SeeInvis .     i - +0 short sword
rCold  . . .     Clarity  .     a - +0 robe
rNeg   . . .     Conserve +     (no shield)
rPois  .         rCorr    .     (helmet restricted)
rElec  .         rRot     .     (no cloak)
SustAb . .       Spirit   .     (no gloves)
rMut   .         Warding  .     (boots unavailable)
Saprov . . .     Stasis   .     h - amulet of conservation {unknown}
MR     .....                    (no ring)
                                (no ring)

@: very slightly contaminated, not resistant to hostile enchantments, fairly
stealthy
A: able to fly, beak, talons 3
a: Fly


You were on level 3 of the Dungeon.
You were hungry.

You visited 1 branch of the dungeon, and saw 3 of its levels.

You collected 108 gold pieces.

Inventory:

Hand weapons
 i - a +0,+0 short sword (weapon)
Missiles
 t - 3 tomahawks (quivered)
Armour
 a - a +0 robe (worn)
 s - a +0 cloak
Comestibles
 c - 3 bread rations
Scrolls
 d - 2 scrolls of teleportation {unknown}
 e - 7 scrolls of identify {unknown}
 f - 2 scrolls of noise {unknown}
 g - 2 scrolls of enchant weapon II {unknown}
 k - a scroll of enchant armour {unknown}
 m - 2 scrolls of remove curse {unknown}
 o - a scroll of fear {unknown}
 r - a scroll of random uselessness {unknown}
Jewellery
 h - an amulet of conservation (around neck) {unknown}
Potions
 j - a potion of agility {unknown}
 l - 2 potions of curing
 n - a potion of mutation {unknown}
 q - a potion of restore abilities {unknown}
Books
 b - a book of Flames

   Spells                             Type                      Level
   *Flame Tongue                      Conjuration/Fire             1
   Throw Flame                        Conjuration/Fire             2
   Conjure Flame                      Conjuration/Fire             3
   Inner Flame                        Hexes/Fire                   3
   Sticky Flame                       Conjuration/Fire             4
   Fireball                           Conjuration/Fire             5


   Skills:
 - Level 2.1 Dodging
 - Level 2.0 Stealth
 + Level 2.6 Spellcasting
 * Level 5.2 Conjurations
 * Level 5.0 Fire Magic


You had 8 spell levels left.
You knew the following spells:

 Your Spells              Type           Power        Failure   Level  Hunger
a - Flame Tongue          Conj/Fire      ###..        2%          1    #......


Dungeon Overview and Level Annotations

Branches:
Dungeon (3/15)

Altars:
Okawaru
Trog


Innate Abilities, Weirdness & Mutations

You can fly.
You have a beak for a mouth.
You have claws for feet.


Message History

You don't have enough magic to cast that spell.
Casting: Flame Tongue
Confirm with . or Enter, or press ? or * to list all spells.
You don't have enough magic to cast that spell.
You are too injured to fight recklessly!
You are too injured to fight recklessly!
You are too injured to fight recklessly!
You hit the orc but do no damage.
The orc is severely wounded.
The orc hits you with a club.
* * * LOW HITPOINT WARNING * * *
You closely miss the orc. You claw the orc, but do no damage.
Your peck misses the orc.
The orc is severely wounded.
The orc hits you with a club.
* * * LOW HITPOINT WARNING * * *
You hit the orc.
The orc is almost dead.
The orc hits you with a club.
You die...

........................#.# #.#.#
.#...##############....##.# #.#.#
.#...# #....#### #.#.# .#...#####
#....### #.#.# .#####...# #####
####....# #.#.# .# #...###...#
#.......# #.#.# .#
#....##...###.......# #.#.#
.######...##....##.....### #.#
....(.(.(((.)...@o.....# #.#
...%..##...##...####...# #.#
#####.##...###### #......# #.#
.............(................#.#
......................#...#####.#
#####.#####......########## #.# #
#.# ###### #.# #.# ##### #.#
####.# #...# ##### #.#


You could see an orc.

Vanquished Creatures
  A giant frog (D:3)
  2 orc wizards (D:3)
  3 adders
  3 giant geckos
  An ooze (D:1)
  10 orcs (D:3)
  A ball python (D:3)
  7 goblins
  3 hobgoblins
  4 kobolds
  6 bats
  4 giant cockroaches
  3 giant newts
  6 rats
54 creatures vanquished.

Notes
Turn   | Place    | Note
--------------------------------------------------------------
     0 | D:1      | Kae, the Tengu Fire Elementalist, began the quest for the Orb.
     0 | D:1      | Reached XP level 1. HP: 10/10 MP: 3/3
   238 | D:1      | Reached XP level 2. HP: 10/15 MP: 0/5
  1370 | D:2      | Found a bloodstained altar of Trog.
  1373 | D:2      | Reached XP level 3. HP: 19/19 MP: 7/7
  1391 | D:2      | Found an iron altar of Okawaru.
  1914 | D:2      | Reached skill level 4 in Fire Magic
  2254 | D:3      | Noticed a giant frog
  2264 | D:3      | Killed a giant frog
  2264 | D:3      | Reached XP level 4. HP: 13/24 MP: 6/9
  2264 | D:3      | Reached XP level 5. HP: 15/28 MP: 7/11
  3031 | D:3      | Reached skill level 5 in Fire Magic
  3036 | D:3      | Reached skill level 5 in Conjurations
  3540 | D:3      | Slain by an orc

Action                   |  1- 3 |  4- 6 || total
-------------------------+-------+-------++-------
Melee: Unarmed           |    11 |       ||    11
       Short sword       |    51 |    14 ||    65
 Cast: Flame Tongue      |    24 |    51 ||    75
  Use: Potion            |     1 |     1 ||     2
 Stab: Sleeping          |     2 |       ||     2
